Cogmind - Beta 12 --- EXPLORER MODE // 2023.07.21 @ 13:19:33 Player: Murmillo Result: Destroyed by B-86 Titan with Matter Neutralizer Performance ------------- Evolutions (7) 3500 Regions Visited (19) 3800 Robots Destroyed (77) 385 Value Destroyed (3082) 3082 Prototype IDs (25) 500 Alien Tech Used (0) 0 Bonus (994) 994 TOTAL SCORE: 12261 Bonus ------- Follower Combat Kills 33 Entered Garrisons 200 Entered DSFs 500 Aligned with FarCom 300 Friendly Fire -39 Cogmind --------- Core Integrity 0/1300 Matter 96/300 Energy 100/100 System Corruption 4% Temperature Cool (9) Movement Core (50) Location -3/Armory Parts ------- > --- POWER (4) -------- (None) > --- PROPULSION (4) --- (None) > --- UTILITY (9) ------ (None) > --- WEAPON (5) ------- (None) > --- INVENTORY (5) ---- Fusion Compressor Micro Fission Core Small Storage Unit Peak State ------------ > --- POWER ------------ Angular Momentum Engine Neutrino Core > --- PROPULSION ------- Flexi-carbon Leg Improved VSS Leg Advanced VSS Leg > --- UTILITY ---------- Advanced Cryofiber Web Advanced Heat Sink Advanced Cooling System Improved Propulsion Shielding Advanced Shield Generator > --- WEAPON ----------- Improved Arc Projector Disruptor Cannon Mini Grenade Launcher > --- INVENTORY -------- Fusion Compressor VTOL Module VTOL Module Small Storage Unit Relay Coupler [Grunt] [Rating: 70] Favorites ----------- Power Light Nuclear Core Engine Improved Deuterium Engine Power Core Light Nuclear Core Reactor Light Particle Reactor Propulsion Aluminum Leg Treads Heavy Treads Leg Aluminum Leg Flight Unit VTOL Module Utility ECM Suite Device ECM Suite Storage Huge Storage Unit Processor Improved Targeting Computer Protection Weapon Shielding Weapon Mini Grenade Launcher Energy Gun EM Pulse Gun Energy Cannon Disruptor Cannon Launcher Mini Grenade Launcher Build | -11 -10 -10 -9 -9 -9 -8 -8 -7 -6 -6 -5 -5 -5 -4 -4 -4 -4 -3 -3 ------- Run | Jun Mat Min Mat Min Exi Min Mat Fac Fac Gar Fac Upp Upp Fac Was Fac DSF Res Arm Slots Evolved 15 | . 1 . 2 . . . 2 2 2 . 2 . . 2 . . . 2 . Power 3 | . 1 . . . . . . . 1 . . . . . . . . 1 . Propulsion 2 | . . . . . . . . . 1 . . . . 1 . . . . . Utility 7 | . . . 1 . . . 2 2 . . 2 . . . . . . . . Weapon 3 | . . . 1 . . . . . . . . . . 1 . . . 1 . Parts Attached 79 | 11 5 . 3 2 1 . 4 3 1 4 4 10 2 8 2 1 6 4 8 Power 18 | 3 3 . . 1 . . 1 . . 2 . 3 . 1 . 1 . 1 2 Engine 7 | 3 1 . . 1 . . 1 . . . . 1 . . . . . . . Core 8 | . 2 . . . . . . . . 2 . 2 . 1 . 1 . . . Reactor 3 | . . . . . . . . . . . . . . . . . . 1 2 Propulsion 26 | 3 . . . . . . 2 . 1 . 1 5 2 2 . . 4 1 5 Treads 1 | . . . . . . . . . . . . . . . . . . 1 . Leg 15 | 3 . . . . . . 2 . 1 . 1 . 2 2 . . 4 . . Wheel . | . . . . . . . . . . . . . . . . . . . . Hover . | . . . . . . . . . . . . . . . . . . . . Flight 10 | . . . . . . . . . . . . 5 . . . . . . 5 Utility 18 | 3 . . . 1 1 . 1 2 . 1 3 . . 4 1 . . 1 . Device 14 | 3 . . . 1 1 . 1 1 . . 2 . . 3 1 . . 1 . Storage 1 | . . . . . . . . . . . 1 . . . . . . . . Processor 1 | . . . . . . . . 1 . . . . . . . . . . . Hackware . | . . . . . . . . . . . . . . . . . . . . Protection 2 | . . . . . . . . . . 1 . . . 1 . . . . . Artifact . | . . . . . . . . . . . . . . . . . . . . Weapon 17 | 2 2 . 3 . . . . 1 . 1 . 2 . 1 1 . 2 1 1 Energy Gun 6 | 2 2 . . . . . . . . . . . . . 1 . . 1 . Energy Cannon 1 | . . . . . . . . . . . . . . 1 . . . . . Ballistic Gun . | . . . . . . . . . . . . . . . . . . . . Ballistic Cannon . | . . . . . . . . . . . . . . . . . . . . Launcher 10 | . . . 3 . . . . 1 . 1 . 2 . . . . 2 . 1 Special Weapon . | . . . . . . . . . . . . . . . . . . . . Impact Weapon . | . . . . . . . . . . . . . . . . . . . . Slashing Weapon . | . . . . . . . . . . . . . . . . . . . . Piercing Weapon . | . . . . . . . . . . . . . . . . . . . . Special Melee Weapon . | . . . . . . . . . . . . . . . . . . . . Unidentified Prototypes 2 | . . . . 1 . . . . . . . . . . 1 . . . . Parts Lost 48 | . . . . . . . . . . 7 3 11 1 3 5 . 3 8 7 Power 7 | . . . . . . . . . . 1 2 1 . . 1 . . 1 1 Propulsion 18 | . . . . . . . . . . 1 . 6 . 1 2 . . 4 4 Utility 13 | . . . . . . . . . . 4 1 2 1 . 2 . 2 . 1 Weapon 10 | . . . . . . . . . . 1 . 2 . 2 . . 1 3 1 Highest Loss Streak 7 | . . . . . . . . . . 7 1 6 1 3 5 . 2 7 7 To Critical Strikes . | . . . . . . . . . . . . . . . . . . . . Average Slot Usage (%) 73 | . 100 100 88 95 100 100 89 87 84 70 70 50 38 54 44 17 38 26 20 Engine 6 | . 9 . . 7 10 10 10 14 12 8 4 4 5 5 3 . . . . Core 7 | . 15 25 20 12 10 10 5 . . 2 7 3 . 4 2 2 5 3 . Leg 13 | . 25 25 20 20 20 20 16 14 15 14 14 . 9 18 9 . 15 15 . Flight 2 | . . . . . . . . . . . . 10 1 . . . . . 8 Device 18 | . 25 25 20 25 30 30 31 33 31 20 17 8 5 7 14 5 4 . 3 Protection 1 | . . . . . . . . . . 1 5 5 . 1 5 5 2 . . Energy Gun 2 | . 25 25 1 . . . . . . . . . . . 1 . . . . Launcher 17 | . . . 27 30 30 30 25 20 18 17 16 15 16 13 5 5 11 7 3 Naked Turns 82 | . . . . . . . . . . . . . . . . . . 45 37 Heaviest Build 113 | 10 18 18 19 22 22 22 23 24 24 31 113 109 19 49 53 11 31 19 27 Greatest Support 85 | 20 20 20 20 20 20 20 24 24 42 42 40 40 35 68 53 3 85 85 70 Greatest Overweight (x) 36 | 3 . . . 1 1 1 1 . . 1 3 36 2 . 7 3 7 1 8 Average Overweight (x) . | . . . . . 1 1 . . . . 1 2 . . . 1 . . . Largest Inventory Capacity 25 | 5 5 5 5 5 5 5 5 5 5 5 25 25 5 5 5 5 5 5 5 Average Capacity 5 | 5 5 5 5 5 5 5 5 5 5 5 19 6 5 5 5 5 5 5 5 Most Carried 6 | 5 5 5 5 5 5 5 5 5 5 5 5 6 4 5 5 5 5 5 4 Average Carried 2 | . 4 5 4 5 5 5 4 5 5 5 4 1 2 3 5 5 5 4 2 Final Capacity 25 | 5 5 5 5 5 5 5 5 5 5 5 25 5 5 5 5 5 5 5 5 Final Carried 5 | 5 5 5 5 5 5 5 5 5 5 5 5 1 3 5 5 5 5 5 3 Class Distribution -------------------- 70% | Hacker-Mutant 24% | Hacker-Skirmisher 3% | Hacker-Bomber Dominant Class ---------------- Hacker-Mutant | -10/Materials Hacker-Mutant | -10/Mines Hacker-Gunner | -9/Materials Hacker-Mutant | -9/Mines Hacker-Skirmisher | -9/Exiles Hacker-Skirmisher | -8/Mines Hacker-Skirmisher | -8/Materials Hacker-Skirmisher | -7/Factory Hacker-Skirmisher | -6/Factory Hacker-Mutant | -6/Garrison Hacker-Skirmisher | -5/Factory Hacker-Mutant | -5/Upper Caves Hacker-Bomber | -5/Upper Caves Hacker-Skirmisher | -4/Factory Hacker-Mutant | -4/Waste Hacker-Mutant | -4/Factory Hacker-Mutant | -4/DSF Hacker-Mutant | -3/Research Hacker-Mutant | -3/Armory Resources | -11 -10 -10 -9 -9 -9 -8 -8 -7 -6 -6 -5 -5 -5 -4 -4 -4 -4 -3 -3 ----------- Run | Jun Mat Min Mat Min Exi Min Mat Fac Fac Gar Fac Upp Upp Fac Was Fac DSF Res Arm Matter Collected 2383 | 290 79 9 141 148 . 102 . 190 . 158 74 705 16 257 58 30 86 . 40 Remotely . | . . . . . . . . . . . . . . . . . . . . Salvage Created 2140 | 117 307 56 151 219 . 18 . . . 65 173 172 126 515 . . 181 . 40 Parts 129 | 10 23 3 15 9 . 4 . . . 4 5 18 5 26 . . 3 . 4 Haulers Intercepted 2 | . 1 . 1 . . . . . . . . . . . . . . . . Recyclers Shooed 4 | . 1 . 2 . . . . . . . 1 . . . . . . . . Parts Field Recycled . | . . . . . . . . . . . . . . . . . . . . Retrieved Matter . | . . . . . . . . . . . . . . . . . . . . Parts Self-Destructed . | . . . . . . . . . . . . . . . . . . . . Prevented . | . . . . . . . . . . . . . . . . . . . . Kills | -11 -10 -10 -9 -9 -9 -8 -8 -7 -6 -6 -5 -5 -5 -4 -4 -4 -4 -3 -3 ------- Run | Jun Mat Min Mat Min Exi Min Mat Fac Fac Gar Fac Upp Upp Fac Was Fac DSF Res Arm Combat Hostiles Destroyed 54 | 1 4 1 6 7 . 3 . 1 . 6 2 10 4 7 . . 1 . 1 Melee 2 | 1 . . . . . . . . . . . . . . . . . . 1 Guns 5 | . 4 1 . . . . . . . . . . . . . . . . . Cannons 2 | . . . . . . . . . . . . . . 2 . . . . . AOE 45 | . . . 6 7 . 3 . 1 . 6 2 10 4 5 . . 1 . . Classes Destroyed 13 | 2 3 1 1 1 . 1 . 1 . . 1 . 1 . . . 1 . . Worker 6 | . . . 1 . . . . . . . . . . 5 . . . . . Builder 3 | . 1 . . . . . . . . . . . . 2 . . . . . Tunneler 4 | 3 . . 1 . . . . . . . . . . . . . . . . Hauler 2 | . 1 . 1 . . . . . . . . . . . . . . . . Recycler 3 | . . . . 1 . . . . . . 1 . . 1 . . . . . Operator 1 | . . . . . . . . 1 . . . . . . . . . . . Watcher 4 | . 1 . 3 . . . . . . . . . . . . . . . . Swarmer 15 | . . . . . . 3 . . . 3 . 8 . . . . . . 1 Grunt 27 | 1 4 . 4 7 . . . . . . . 1 4 6 . . . . . Sentry 8 | . . 1 2 . . . . 1 . 3 . 1 . . . . . . . Specialist 1 | . . . . . . . . . . . . . . . . . 1 . . Programmer 3 | . . . . . . . . . . . 2 . . 1 . . . . . Samaritan 1 | . . . . . . . . . . . . . 1 . . . . . . Best Kill Streak 12 | 1 4 1 6 3 . 3 . 1 . 3 3 4 4 12 . . 1 . 1 Combat Bots Only 4 | 1 2 1 3 3 . 3 . 1 . 3 2 4 4 4 . . 1 . 1 Max Kills in Single Turn 8 | 1 2 1 4 2 . 2 . 1 . 2 2 4 3 8 . . 1 . 1 Gunslinging 1 | . 1 . . . . . . . . . . . . . . . . . . Exploded 4 | . . . 1 2 . 2 . 1 . 2 2 4 3 2 . . 1 . . Melee 1 | 1 . . . . . . . . . . . . . . . . . . 1 Uniques/NPCs Destroyed . | . . . . . . . . . . . . . . . . . . . . Combat | -11 -10 -10 -9 -9 -9 -8 -8 -7 -6 -6 -5 -5 -5 -4 -4 -4 -4 -3 -3 -------- Run | Jun Mat Min Mat Min Exi Min Mat Fac Fac Gar Fac Upp Upp Fac Was Fac DSF Res Arm Damage Taken 5403 | 55 92 16 113 90 . . . 60 . 761 370 437 39 285 122 . 693 1221 1049 Core 1929 | 55 29 . 42 . . . . 33 . 120 50 146 14 11 96 . 21 704 608 Absorbed by Shields 90 | . . . . . . . . . . . . . . 59 31 . . . . Redirected to Shielding 168 | . . . . . . . . . . . 31 18 3 25 . . 91 . . Regen/Repaired (Parts) 32 | . . . . . . . . 32 . . . . . . . . . . . Core Remaining (%) 85 | 78 . 66 . . . 89 100 95 . 85 . . 79 . . . 88 . . Volleys Fired 115 | 5 14 3 10 12 1 3 . 4 . 12 5 10 2 23 1 . 9 . 1 Largest 4 | 2 2 2 3 2 3 1 . 3 . 3 3 3 3 4 3 . 1 . 1 Hottest 176 | 90 105 105 90 60 90 30 . 90 . 90 103 90 90 171 176 . 49 . 46 Shots Fired 228 | 10 28 6 21 16 3 3 . 12 . 27 13 30 6 41 3 . 8 . 1 Gun 45 | 10 28 6 . . . . . . . . . . . . 1 . . . . Cannon 24 | . . . . . . . . . . . . . . 23 1 . . . . Launcher 159 | . . . 21 16 3 3 . 12 . 27 13 30 6 18 1 . 8 . 1 Special . | . . . . . . . . . . . . . . . . . . . . Kinetic . | . . . . . . . . . . . . . . . . . . . . Thermal 22 | 5 14 3 . . . . . . . . . . . . . . . . . Explosive 159 | . . . 21 16 3 3 . 12 . 27 13 30 6 18 1 . 8 . 1 Electromagnetic 47 | 5 14 3 . . . . . . . . . . . 23 2 . . . . Robot Hit Streak 27 | 8 10 6 . 11 . . . . . 14 21 12 3 27 2 . 7 . 8 Robot Miss Streak 2 | 1 2 . . 1 . . . . . . 1 1 . 1 1 . . . . Penetration Max . | . . . . . . . . . . . . . . . . . . . . Secondary Targets 1 | . 1 . . . . . . . . . . . . . . . . . . Max Gunslinging Chain 1 | . 1 . . . . . . . . . . . . . . . . . . Shots Hit Robots 126 | 8 22 5 . 7 . . . . . 13 8 15 2 38 2 . 5 . 1 Core Hits 222 | 3 12 2 28 18 . 3 . 10 . 17 16 20 14 51 1 . 13 5 9 Critical Kills . | . . . . . . . . . . . . . . . . . . . . Critical Parts Destroyed . | . . . . . . . . . . . . . . . . . . . . Critical Strikes 2 | 1 1 . . . . . . . . . . . . . . . . . . Burn 1 | . 1 . . . . . . . . . . . . . . . . . . Corrupt 1 | 1 . . . . . . . . . . . . . . . . . . . Melee Attacks . | . . . . . . . . . . . . . . . . . . . . Impact . | . . . . . . . . . . . . . . . . . . . . Slashing . | . . . . . . . . . . . . . . . . . . . . Piercing . | . . . . . . . . . . . . . . . . . . . . Sneak Attacks . | . . . . . . . . . . . . . . . . . . . . Combat Hostiles . | . . . . . . . . . . . . . . . . . . . . Follow-up Attacks . | . . . . . . . . . . . . . . . . . . . . Damage Inflicted 8156 | 144 345 63 902 684 . 124 . 238 . 660 745 907 646 1579 103 . 851 69 96 Guns 452 | 91 298 63 . . . . . . . . . . . . . . . . . Cannons 251 | . . . . . . . . . . . . . . 250 1 . . . . Explosions 7317 | 36 47 . 902 684 . 124 . 238 . 660 745 907 646 1329 102 . 851 . 46 Melee . | . . . . . . . . . . . . . . . . . . . . Ramming 136 | 17 . . . . . . . . . . . . . . . . . 69 50 Kinetic . | . . . . . . . . . . . . . . . . . . . . Thermal 300 | 74 198 28 . . . . . . . . . . . . . . . . . Explosive 7234 | . . . 902 684 . 124 . 238 . 660 745 907 646 1329 102 . 851 . 46 Electromagnetic 486 | 53 147 35 . . . . . . . . . . . 250 1 . . . . Impact . | . . . . . . . . . . . . . . . . . . . . Slashing . | . . . . . . . . . . . . . . . . . . . . Piercing . | . . . . . . . . . . . . . . . . . . . . Highest Corruption 12 | . 1 1 . . . . . . . 1 3 3 3 2 10 10 12 3 4 Average Corruption 2 | . 1 1 . . . . . . . 1 2 3 3 2 6 10 10 2 3 Corruption Purged . | . . . . . . . . . . . . . . . . . . . . Corruption Blocked . | . . . . . . . . . . . . . . . . . . . . Effects 93 | . 2 6 . . . . . . . 1 4 52 4 . 4 5 5 . 10 Message Errors 23 | . . 2 . . . . . . . . 1 16 . . 1 . . . 3 Matter Fused 22 | . 1 1 . . . . . . . 1 1 13 . . . . 2 . 3 Heat Flow Errors 11 | . . . . . . . . . . . . 5 1 . 1 1 1 . 2 Energy Discharges 15 | . . 1 . . . . . . . . 1 8 2 . . 2 1 . . Parts Rejected 1 | . . . . . . . . . . . . . . . . . . . 1 Parts Fused 1 | . . . . . . . . . . . . 1 . . . . . . . Data Loss (minor) 12 | . . 2 . . . . . . . . 1 4 1 . 1 2 . . 1 Data Loss (major) 2 | . 1 . . . . . . . . . . . . . 1 . . . . Misfires 5 | . . . . . . . . . . . . 5 . . . . . . . Weapon Failures 1 | . . . . . . . . . . . . . . . . . 1 . . Overload Shots . | . . . . . . . . . . . . . . . . . . . . Overflow Damage 143 | 14 . . . 2 . 4 . . . 9 49 51 10 4 . . . . . Projectiles . | . . . . . . . . . . . . . . . . . . . . Explosions 143 | 14 . . . 2 . 4 . . . 9 49 51 10 4 . . . . . Melee . | . . . . . . . . . . . . . . . . . . . . Knockbacks 1 | . . . . . . . . . . . . . . . . . . . 1 Impact 1 | . . . . . . . . . . . . . . . . . . . 1 Kinetic . | . . . . . . . . . . . . . . . . . . . . Secondary . | . . . . . . . . . . . . . . . . . . . . Self-Inflicted Damage 550 | 8 . . 20 57 . . . . . 255 . 74 . 64 . . 37 13 22 Shots 32 | . . . 1 3 . . . . . 16 . 4 . 7 . . 1 . . Rammed 21 | 1 . . . . . . . . . . . . . . . . . 11 9 Targets Rammed 42 | 1 . . . . . . . . . . . . . . . . . 32 9 Kicked 21 | . . . . . . . . . . . . . . . . . . 21 . Crushed . | . . . . . . . . . . . . . . . . . . . . Highest Temperature 324 | 60 324 153 68 62 48 6 . 73 . 88 . 242 115 31 . 255 115 . 207 Average Temperature 75 | 28 131 66 35 23 27 3 . 36 . 29 . 99 85 24 . 128 76 . 93 Received Heat Transfer 1125 | 42 54 9 57 30 . . . 30 . 132 30 45 27 39 . . . 501 129 Siege Activations . | . . . . . . . . . . . . . . . . . . . . Robots Corrupted . | . . . . . . . . . . . . . . . . . . . . Combat Hostiles . | . . . . . . . . . . . . . . . . . . . . Parts Fried . | . . . . . . . . . . . . . . . . . . . . Impact Corruptions . | . . . . . . . . . . . . . . . . . . . . Robots Melted . | . . . . . . . . . . . . . . . . . . . . Combat Hostiles . | . . . . . . . . . . . . . . . . . . . . Parts Melted 1 | . . 1 . . . . . . . . . . . . . . . . . Heat Transferred 716 | 161 481 74 . . . . . . . . . . . . . . . . . Parts Sabotaged . | . . . . . . . . . . . . . . . . . . . . Parts Stolen . | . . . . . . . . . . . . . . . . . . . . Parts Stripped . | . . . . . . . . . . . . . . . . . . . . Power Chain Reactions 2 | 1 1 . . . . . . . . . . . . . . . . . . Missiles Intercepted . | . . . . . . . . . . . . . . . . . . . . Alert | -11 -10 -10 -9 -9 -9 -8 -8 -7 -6 -6 -5 -5 -5 -4 -4 -4 -4 -3 -3 ------- Run | Jun Mat Min Mat Min Exi Min Mat Fac Fac Gar Fac Upp Upp Fac Was Fac DSF Res Arm Peak Influence 310 | 20 125 89 301 238 . 91 15 74 36 273 289 . . 230 73 12 171 95 310 Initial 106 | . . 34 . 82 . . . 4 26 18 106 . . 45 55 12 6 67 36 Average 26 | . 79 15 127 81 . 15 10 60 26 178 52 . . 104 47 12 89 48 116 Maximum Alert Level 1 | . . . 1 1 . . . . . 1 1 . . 1 . . . . 1 Low Security (%) 95 | 100 100 100 69 73 . 100 100 100 100 45 99 . . 84 100 100 100 100 79 Level 1 4 | . . . 30 26 . . . . . 54 . . . 15 . . . . 20 Level 2 . | . . . . . . . . . . . . . . . . . . . . Level 3 . | . . . . . . . . . . . . . . . . . . . . Level 4 . | . . . . . . . . . . . . . . . . . . . . Level 5 . | . . . . . . . . . . . . . . . . . . . . High Security . | . . . . . . . . . . . . . . . . . . . . Max Security . | . . . . . . . . . . . . . . . . . . . . Squads Dispatched 17 | . . . 1 2 . . 1 . . . 2 . . 5 . . 2 1 3 Investigation 4 | . . . . 2 . . . . . . . . . . . . . . 2 Extermination 3 | . . . . . . . . . . . 1 . . 1 . . . . 1 Reinforcement 8 | . . . 1 . . . 1 . . . 1 . . 2 . . 2 1 . Assault . | . . . . . . . . . . . . . . . . . . . . Garrison 2 | . . . . . . . . . . . . . . 2 . . . . . Intercept . | . . . . . . . . . . . . . . . . . . . . Searches Triggered . | . . . . . . . . . . . . . . . . . . . . Construction Impeded . | . . . . . . . . . . . . . . . . . . . . Haulers Reinforced . | . . . . . . . . . . . . . . . . . . . . Active Scanning Responses . | . . . . . . . . . . . . . . . . . . . . Cargo Convoy Interrupts . | . . . . . . . . . . . . . . . . . . . . Stealth | -11 -10 -10 -9 -9 -9 -8 -8 -7 -6 -6 -5 -5 -5 -4 -4 -4 -4 -3 -3 --------- Run | Jun Mat Min Mat Min Exi Min Mat Fac Fac Gar Fac Upp Upp Fac Was Fac DSF Res Arm Distress Signals 6 | . . . 2 . . . 1 . . . 1 . . 1 . . . 1 . Communications Jammed . | . . . . . . . . . . . . . . . . . . . . Distress Signals . | . . . . . . . . . . . . . . . . . . . . Times Spotted 105 | 1 5 2 9 3 . 2 2 1 . 6 4 10 5 14 6 . 6 9 20 Peak Tracking Total 13 | 1 2 2 5 2 . 2 5 1 . 3 2 4 4 4 6 . 4 9 13 Tactical Retreats 10 | . 1 . . . . . . . . . . . 1 2 . . 1 2 3 Traps | -11 -10 -10 -9 -9 -9 -8 -8 -7 -6 -6 -5 -5 -5 -4 -4 -4 -4 -3 -3 ------- Run | Jun Mat Min Mat Min Exi Min Mat Fac Fac Gar Fac Upp Upp Fac Was Fac DSF Res Arm Traps Triggered 9 | . 3 . 1 . . . . . . 1 . . . 1 . . 1 . 2 Indirectly . | . . . . . . . . . . . . . . . . . . . . Trap Hack Attempts . | . . . . . . . . . . . . . . . . . . . . Triggered . | . . . . . . . . . . . . . . . . . . . . Disarmed . | . . . . . . . . . . . . . . . . . . . . Reprogrammed 8 | . . . 4 . . . . . . . . . . . . . . . 4 Reused . | . . . . . . . . . . . . . . . . . . . . Traps Reconfigurated 16 | . . . . . . . 1 . 1 12 2 . . . . . . . . Traps Extracted . | . . . . . . . . . . . . . . . . . . . . Installed . | . . . . . . . . . . . . . . . . . . . . Triggered . | . . . . . . . . . . . . . . . . . . . . Machines | -11 -10 -10 -9 -9 -9 -8 -8 -7 -6 -6 -5 -5 -5 -4 -4 -4 -4 -3 -3 ---------- Run | Jun Mat Min Mat Min Exi Min Mat Fac Fac Gar Fac Upp Upp Fac Was Fac DSF Res Arm Machines Disabled 18 | . . . 1 . . . . . . 3 14 . . . . . . . . Max in Single Turn 7 | . . . 1 . . . . . . 1 7 . . . . . . . . Garrison Relay 2 | . . . . . . . . . . 2 . . . . . . . . . Machines Repaired . | . . . . . . . . . . . . . . . . . . . . Machines Sabotaged . | . . . . . . . . . . . . . . . . . . . . Overloaded Fab Kills . | . . . . . . . . . . . . . . . . . . . . Hacking | -11 -10 -10 -9 -9 -9 -8 -8 -7 -6 -6 -5 -5 -5 -4 -4 -4 -4 -3 -3 --------- Run | Jun Mat Min Mat Min Exi Min Mat Fac Fac Gar Fac Upp Upp Fac Was Fac DSF Res Arm Machines Accessed 29 | . . . 3 3 5 . 1 2 2 2 2 1 . 3 . 1 . . 4 Terminals 12 | . . . 2 2 . . . 1 . 2 . . . 1 . 1 . . 3 Fabricators 3 | . . . . . . . . . 1 . 1 . . . . . . . 1 Repair Stations 2 | . . . . . . . . 1 . . . . . 1 . . . . . Recycling Units 2 | . . . 1 . . . . . . . 1 . . . . . . . . Scanalyzers 2 | . . . . . . . 1 . . . . . . 1 . . . . . Garrison Access 1 | . . . . . . . . . 1 . . . . . . . . . . Total Hacks 106 | . . . 6 7 50 . 5 7 5 2 3 1 . 7 . 2 . . 11 Successful 89 | . . . 4 7 50 . 5 4 2 2 1 1 . 5 . 1 . . 7 Failed 17 | . . . 2 . . . . 3 3 . 2 . . 2 . 1 . . 4 Catastrophic . | . . . . . . . . . . . . . . . . . . . . Database Lockouts . | . . . . . . . . . . . . . . . . . . . . Manual 1 | . . . . . 1 . . . . . . . . . . . . . . Terminals 27 | . . . 4 6 . . . 2 . 2 . . . 2 . 2 . . 9 Fabricators 7 | . . . . . . . . . 3 . 2 . . . . . . . 2 Repair Stations 7 | . . . . . . . . 5 . . . . . 2 . . . . . Recycling Units 3 | . . . 2 . . . . . . . 1 . . . . . . . . Scanalyzers 8 | . . . . . . . 5 . . . . . . 3 . . . . . Garrison Access 2 | . . . . . . . . . 2 . . . . . . . . . . Terminal Hacks 72 | . . . 2 7 50 . . 1 . 2 . 1 . 1 . 1 . . 7 Record 58 | . . . . 5 49 . . . . . . . . . . . . . 4 Open Door 2 | . . . . 1 . . . . . . . 1 . . . . . . . Open DSF 2 | . . . . . . . . 1 . . . . . . . 1 . . . Branch Access Points 1 | . . . 1 . . . . . . . . . . . . . . . . Emergency Access Points 1 | . . . . . . . . . . 1 . . . . . . . . . Reprogram Traps 2 | . . . 1 . . . . . . . . . . . . . . . 1 Dispatch Records 1 | . . . . 1 . . . . . . . . . . . . . . . Recall Investigation 1 | . . . . . . . . . . . . . . . . . . . 1 Registered Components 1 | . . . . . . . . . . . . . . 1 . . . . . Zone Layout 1 | . . . . . . . . . . . . . . . . . . . 1 Patrol Navigation 1 | . . . . . . . . . . 1 . . . . . . . . . EX-Prototype ID Bank 1 | . . . . . 1 . . . . . . . . . . . . . . Fabricator Hacks 1 | . . . . . . . . . 1 . . . . . . . . . . Network Status 1 | . . . . . . . . . 1 . . . . . . . . . . Repair Station Hacks 4 | . . . . . . . . 3 . . . . . 1 . . . . . Scan Component 3 | . . . . . . . . 2 . . . . . 1 . . . . . Repair 1 | . . . . . . . . 1 . . . . . . . . . . . Recycling Unit Hacks 3 | . . . 2 . . . . . . . 1 . . . . . . . . Retrieve Matter 3 | . . . 2 . . . . . . . 1 . . . . . . . . Scanalyzer 8 | . . . . . . . 5 . . . . . . 3 . . . . . Insert Component 3 | . . . . . . . 2 . . . . . . 1 . . . . . Analyze 5 | . . . . . . . 3 . . . . . . 2 . . . . . Garrison Access Hacks 1 | . . . . . . . . . 1 . . . . . . . . . . Unlock Access 1 | . . . . . . . . . 1 . . . . . . . . . . Unauthorized Hacks . | . . . . . . . . . . . . . . . . . . . . Terminals . | . . . . . . . . . . . . . . . . . . . . Fabricators . | . . . . . . . . . . . . . . . . . . . . Repair Stations . | . . . . . . . . . . . . . . . . . . . . Recycling Units . | . . . . . . . . . . . . . . . . . . . . Scanalyzers . | . . . . . . . . . . . . . . . . . . . . Garrison Access . | . . . . . . . . . . . . . . . . . . . . Data Cores Recovered 1 | . . . . . . . . 1 . . . . . . . . . . . Used . | . . . . . . . . . . . . . . . . . . . . Hacking Detections 17 | . . . 3 2 . . 1 1 2 1 1 . . 2 . . . . 4 Full Trace Events 2 | . . . . 1 . . . . . . . . . . . . . . 1 Feedback Events . | . . . . . . . . . . . . . . . . . . . . Feedback Blocked . | . . . . . . . . . . . . . . . . . . . . Robot Schematics Acquired . | . . . . . . . . . . . . . . . . . . . . Robots Built . | . . . . . . . . . . . . . . . . . . . . Authchips . | . . . . . . . . . . . . . . . . . . . . Time . | . . . . . . . . . . . . . . . . . . . . Total Robot Build Rating . | . . . . . . . . . . . . . . . . . . . . Part Schematics Acquired 3 | . . . . . . . 2 . . . . . . 1 . . . . . Parts Built . | . . . . . . . . . . . . . . . . . . . . Authchips . | . . . . . . . . . . . . . . . . . . . . Time . | . . . . . . . . . . . . . . . . . . . . Total Part Build Rating . | . . . . . . . . . . . . . . . . . . . . Parts Repaired 1 | . . . . . . . . 1 . . . . . . . . . . . Time 32 | . . . . . . . . 32 . . . . . . . . . . . Parts Recycled . | . . . . . . . . . . . . . . . . . . . . Recycled Matter . | . . . . . . . . . . . . . . . . . . . . Retrieved Matter 99 | . . . 99 . . . . . . . . . . . . . . . . Retrieved Components . | . . . . . . . . . . . . . . . . . . . . Parts Scanalyzed 3 | . . . . . . . 2 . . . . . . 1 . . . . . Part Schematics Acquired 3 | . . . . . . . 2 . . . . . . 1 . . . . . Parts Damaged . | . . . . . . . . . . . . . . . . . . . . Bothacking | -11 -10 -10 -9 -9 -9 -8 -8 -7 -6 -6 -5 -5 -5 -4 -4 -4 -4 -3 -3 ------------ Run | Jun Mat Min Mat Min Exi Min Mat Fac Fac Gar Fac Upp Upp Fac Was Fac DSF Res Arm Used RIF Installer . | . . . . . . . . . . . . . . . . . . . . Robots Hacked . | . . . . . . . . . . . . . . . . . . . . Non-combat . | . . . . . . . . . . . . . . . . . . . . Combat . | . . . . . . . . . . . . . . . . . . . . Robot Hacks Applied . | . . . . . . . . . . . . . . . . . . . . Relay Couplers Released 13 | . . . . . . . . . . 10 . . . 3 . . . . . Machine Destruction 10 | . . . . . . . . . . 10 . . . . . . . . . Programmers 3 | . . . . . . . . . . . . . . 3 . . . . . Fabnet Peak Effective % . | . . . . . . . . . . . . . . . . . . . . Robots Rewired . | . . . . . . . . . . . . . . . . . . . . Allies Hacked . | . . . . . . . . . . . . . . . . . . . . Hacks Repelled . | . . . . . . . . . . . . . . . . . . . . Allies | -11 -10 -10 -9 -9 -9 -8 -8 -7 -6 -6 -5 -5 -5 -4 -4 -4 -4 -3 -3 -------- Run | Jun Mat Min Mat Min Exi Min Mat Fac Fac Gar Fac Upp Upp Fac Was Fac DSF Res Arm Total Allies 4 | . . 3 . . . . . . . . . . . . 1 . . . . Largest Group 3 | . . 3 . . . . . . . . . . . . 1 . . . . Highest-Rated Group 76 | . . 76 . . . . . . . . . . . . 46 . . . . Highest-Rated Ally 46 | . . 31 . . . . . . . . . . . . 46 . . . . Total Orders . | . . . . . . . . . . . . . . . . . . . . Ally Attacks 11 | . . 1 . . . . . . . . . . . . 10 . . . . Total Damage 160 | . . 21 . . . . . . . . . . . . 139 . . . . Kills 1 | . . 1 . . . . . . . . . . . . . . . . . Allies Corrupted . | . . . . . . . . . . . . . . . . . . . . Allies Melted . | . . . . . . . . . . . . . . . . . . . . Intel | -11 -10 -10 -9 -9 -9 -8 -8 -7 -6 -6 -5 -5 -5 -4 -4 -4 -4 -3 -3 ------- Run | Jun Mat Min Mat Min Exi Min Mat Fac Fac Gar Fac Upp Upp Fac Was Fac DSF Res Arm Robot Analysis Total . | . . . . . . . . . . . . . . . . . . . . Derelict Logs Recovered 1 | . . . . . . . . . . . . 1 . . . . . . . Drone Launches . | . . . . . . . . . . . . . . . . . . . . Drone Recoveries . | . . . . . . . . . . . . . . . . . . . . Exploration | -11 -10 -10 -9 -9 -9 -8 -8 -7 -6 -6 -5 -5 -5 -4 -4 -4 -4 -3 -3 ------------- Run | Jun Mat Min Mat Min Exi Min Mat Fac Fac Gar Fac Upp Upp Fac Was Fac DSF Res Arm Turns Passed 25255 | 12023 376 962 285 1167 1370 1444 345 280 258 588 886 2986 248 687 123 126 156 582 363 Spaces Moved 16618 | 8485 253 785 206 677 719 749 187 242 269 489 368 1354 186 454 115 93 105 262 620 Core 8659 | 8332 . . . . . . . . . . . 4 . . 48 93 7 100 75 Treads 79 | . . . . . . . . . . . . . . . . . . 5 74 Legs 6056 | 153 253 785 206 677 719 749 187 242 269 489 368 12 171 454 67 . 98 157 . Wheels . | . . . . . . . . . . . . . . . . . . . . Hover . | . . . . . . . . . . . . . . . . . . . . Flight 1824 | . . . . . . . . . . . . 1338 15 . . . . . 471 Fastest Speed 31 | 50 120 120 120 120 190 190 90 90 90 100 185 109 120 100 50 100 105 50 31 Average Speed 106 | 65 120 120 120 167 190 190 177 90 95 110 234 212 127 105 101 135 118 95 52 Slowest Speed 2195 | 200 120 120 120 190 190 190 190 90 100 185 345 2195 192 120 400 200 400 160 450 Overloaded Moves . | . . . . . . . . . . . . . . . . . . . . Propulsion Burnouts . | . . . . . . . . . . . . . . . . . . . . Robots Hopped . | . . . . . . . . . . . . . . . . . . . . Cave-ins Triggered 1 | . . . . . . . . . . 1 . . . . . . . . . Exploration Rate (%) 48 | 96 33 100 31 90 94 98 18 6 11 33 13 92 23 12 76 3 83 13 39 Regions Visited 19 Branch Regions 7 Pre-discovered Areas 2 | . . . . . 1 . . . . . . 1 . . . . . . . Known Exits Taken 15 | 1 1 1 1 1 1 1 1 1 1 . 1 1 1 . . 1 . 1 . Unknown Exits Taken . | . . . . . . . . . . . . . . . . . . . . Scrap Searched 2 | . . 1 . . . . . . . . . 1 . . . . . . . Spaces Dug 33 | . . . . . 14 . . . . . . 19 . . . . . . . Terrain Destroyed 844 | 5 6 . 128 157 14 26 . 18 . 115 117 110 15 34 7 . 78 . 14 Melee . | . . . . . . . . . . . . . . . . . . . . Projectile . | . . . . . . . . . . . . . . . . . . . . AOE 844 | 5 6 . 128 157 14 26 . 18 . 115 117 110 15 34 7 . 78 . 14 Terrain Rammed . | . . . . . . . . . . . . . . . . . . . . Walls Destroyed . | . . . . . . . . . . . . . . . . . . . . Machines Disabled . | . . . . . . . . . . . . . . . . . . . . Actions | -11 -10 -10 -9 -9 -9 -8 -8 -7 -6 -6 -5 -5 -5 -4 -4 -4 -4 -3 -3 --------- Run | Jun Mat Min Mat Min Exi Min Mat Fac Fac Gar Fac Upp Upp Fac Was Fac DSF Res Arm Total 23920 | 14919 298 799 227 694 721 767 200 293 269 511 378 1440 193 629 117 93 123 590 659 Wait 7011 | 6406 23 12 3 3 . 16 7 45 . . . 58 . 135 . . 4 287 12 Move 16600 | 8484 252 784 205 676 718 748 186 241 268 488 367 1353 185 454 114 92 104 261 620 Hop . | . . . . . . . . . . . . . . . . . . . . Pick Up 44 | 12 1 . 2 . . . 1 . . . 2 6 2 9 . . . 2 7 Fast Attach 33 | . 2 . 3 1 1 . . 3 1 7 2 . . 1 2 1 6 3 . Attach 39 | 7 1 . . . . . 1 . . . 2 10 2 7 . . . 1 8 Detach 3 | . . . . . . . . . . . . . 2 . . . . 1 . Swap 10 | 4 2 . . 1 . . 3 . . . . . . . . . . . . Drop 19 | . 3 . 4 1 1 . 2 . . . . 3 . . . . . 3 2 Fire 115 | 5 14 3 10 12 1 3 . 4 . 12 5 10 2 23 1 . 9 . 1 Melee . | . . . . . . . . . . . . . . . . . . . . Ram 21 | 1 . . . . . . . . . . . . . . . . . 11 9 Kick 21 | . . . . . . . . . . . . . . . . . . 21 . Crush . | . . . . . . . . . . . . . . . . . . . . Escape Stasis 4 | . . . . . . . . . . 4 . . . . . . . . . Rewire . | . . . . . . . . . . . . . . . . . . . . Trap . | . . . . . . . . . . . . . . . . . . . . Miscellaneous . | . . . . . . . . . . . . . . . . . . . . Route ------- -11/Junkyard -10/Materials (discovered 2 exits: *Mat / *Min) -10/Mines (discovered 2 exits: *Mat x2) -9/Materials -9/Mines (discovered 3 exits: *Mat x2 / *Exi) -9/Exiles (discovered 2 exits: *Min x2) -8/Mines (discovered 2 exits: *Mat x2) -8/Materials -7/Factory -6/Factory -6/Garrison -5/Factory -5/Upper Caves -5/Upper Caves -4/Factory -4/Waste -4/Factory -4/DSF -3/Research -3/Armory History --------- Turn | Location | Event 2 | -11/Junkyard | Met Revision 17 17 | -11/Junkyard | Identified exit to Materials 17 | -11/Junkyard | Discovered exit to Materials (range 8) 12024 | -11/Junkyard | Entered Materials 12024 | -10/Materials | Evolved 1 slot: Power x1 12045 | -10/Materials | Build established: Hacker-Mutant 12231 | -10/Materials | Identified exit to Mines 12231 | -10/Materials | Discovered exit to Mines (range 13) 12265 | -10/Materials | Identified exit to Materials 12265 | -10/Materials | Discovered exit to Materials (range 14) 12400 | -10/Materials | Entered Mines 12438 | -10/Mines | Discovered exit to Materials (range 8) 12627 | -10/Mines | Found a hidden stash of uninstalled traps 12667 | -10/Mines | Discovered exit to Materials (range 7) 12768 | -10/Mines | Joined a pair of Derelicts in attacking an 0b10 outpost 12961 | -10/Mines | Received a Mining Laser from a helpful Derelict 13362 | -10/Mines | Entered Materials 13362 | -9/Materials | Evolved 2 slots: Utility x1, Weapon x1 13506 | -9/Materials | Identified exit to Mines 13647 | -9/Materials | Entered Mines 13688 | -9/Mines | Met a Derelict bent on vengeance 13760 | -9/Mines | Identified exit to Materials 13760 | -9/Mines | Discovered exit to Materials (range 10) 13912 | -9/Mines | Met a Derelict shopkeep closing up shop 14159 | -9/Mines | Found a damaged Exp. Sensor Array with a note attached 14163 | -9/Mines | Found Prototype Device 14163 | -9/Mines | Identified Exp. Sensor Array 14223 | -9/Mines | Discovered exit to Materials (range 3) 14518 | -9/Mines | Deemed a non-threat by the Exiles lab entrance 14518 | -9/Mines | Identified exit to Exiles 14518 | -9/Mines | Discovered exit to Exiles (range 5) 14678 | -9/Mines | Build established: Hacker-Skirmisher 14814 | -9/Mines | Entered Exiles 14845 | -9/Exiles | Identified exit to Mines 14845 | -9/Exiles | Discovered exit to Mines (range 15) 14909 | -9/Exiles | Met 8R-AWN 14942 | -9/Exiles | Met EX-HEX 15098 | -9/Exiles | Met EX-DEC 15135 | -9/Exiles | Visited The Gauntlet 15396 | -9/Exiles | Learned location of Zion (-7) 15506 | -9/Exiles | Discovered exit to Mines (range 14) 15687 | -9/Exiles | Met EX-BIN 15857 | -9/Exiles | Aligned with FarCom system 15859 | -9/Exiles | Given EX-Vault access code 15903 | -9/Exiles | Opened EX-Vault 15918 | -9/Exiles | Found Trap Reconfigurator 15960 | -9/Exiles | Warned to stay clear of 0b10 Research branches 16184 | -9/Exiles | Left Exiles lab with Trap Reconfigurator 16184 | -9/Exiles | Entered Mines 16394 | -8/Mines | Discovered exit to Materials (range 13) 17020 | -8/Mines | Discovered exit to Materials (range 12) 17628 | -8/Mines | Entered Materials 17628 | -8/Materials | Evolved 2 slots: Utility x2 17960 | -8/Materials | Identified exit to Factory 17960 | -8/Materials | Discovered exit to Factory (range 4) 17973 | -8/Materials | Entered Factory 17973 | -7/Factory | Evolved 2 slots: Utility x2 17997 | -7/Factory | Identified exit to DSF 18101 | -7/Factory | Identified exit to Factory 18101 | -7/Factory | Discovered exit to Factory (range 13) 18153 | -7/Factory | Repaired Mni. Grenade Launcher 18253 | -7/Factory | Entered another Factory area 18253 | -6/Factory | Evolved 2 slots: Power x1, Propulsion x1 18510 | -6/Factory | Identified exit to Garrison 18511 | -6/Factory | Entered Garrison 18578 | -6/Garrison | Triggered checkpoint 18633 | -6/Garrison | Identified exit to Factory 18633 | -6/Garrison | Discovered exit to Factory (range 15) 18668 | -6/Garrison | Triggered checkpoint 18685 | -6/Garrison | Garrison Relay disabled 18759 | -6/Garrison | Triggered checkpoint 18770 | -6/Garrison | Crushed by falling debris 18811 | -6/Garrison | Lost 7 parts (1p1n4u1w) 19099 | -6/Garrison | Entered Factory 19099 | -5/Factory | Evolved 2 slots: Utility x2 19126 | -5/Factory | Build established: Hacker-Mutant 19791 | -5/Factory | Build established: Hacker-Skirmisher 19807 | -5/Factory | Identified exit to Upper Caves 19807 | -5/Factory | Discovered exit to Upper Caves (range 16) 19985 | -5/Factory | Entered Upper Caves 20026 | -5/Upper Caves | Met a Warlord Commander 20027 | -5/Upper Caves | Learned location of Warlord (-4) 20053 | -5/Upper Caves | Lost 6 parts (1p3n1u1w) 20282 | -5/Upper Caves | Learned location of 1 exit from Proximity Caves 20318 | -5/Upper Caves | Build established: Hacker-Mutant 20763 | -5/Upper Caves | Build established: Hacker-Skirmisher 21447 | -5/Upper Caves | Build established: Hacker-Mutant 22231 | -5/Upper Caves | Encountered a Warlord checkpoint 22275 | -5/Upper Caves | Identified exit to Upper Caves 22275 | -5/Upper Caves | Discovered exit to Upper Caves (range 11) 22276 | -5/Upper Caves | Attracted the attention of an 0b10 checkpoint 22571 | -5/Upper Caves | Build established: Hacker-Bomber 22971 | -5/Upper Caves | Entered another Upper Caves area 23003 | -5/Upper Caves | Identified exit to Factory 23003 | -5/Upper Caves | Discovered exit to Factory (range 16) 23141 | -5/Upper Caves | Attracted the attention of an 0b10 checkpoint 23219 | -5/Upper Caves | Entered Factory 23219 | -4/Factory | Evolved 2 slots: Propulsion x1, Weapon x1 23512 | -4/Factory | Build established: Hacker-Skirmisher 23788 | -4/Factory | Garrison activated, responded to threat 23827 | -4/Factory | Lost 3 parts (1n2w) 23906 | -4/Factory | Sucked down chute 23906 | -4/Factory | Entered Waste 23907 | -4/Waste | Met a frightened Derelict 23921 | -4/Waste | EMP discharged 23927 | -4/Waste | Spotted C-40 Crusher 23930 | -4/Waste | Spotted C-40 Crusher 23947 | -4/Waste | Spotted C-40 Crusher 23960 | -4/Waste | Spotted C-40 Crusher 23961 | -4/Waste | Spotted C-40 Crusher 23974 | -4/Waste | Crushed by Compactor (1 part destroyed, 1 dropped) 23976 | -4/Waste | Crushed by Compactor (1 part destroyed, 2 dropped) 23980 | -4/Waste | Spotted C-40 Crusher 23980 | -4/Waste | Crushed by Compactor (1 part destroyed, 1 dropped) 23983 | -4/Waste | Crushed by Compactor (1 part destroyed, 1 dropped) 23991 | -4/Waste | Crushed by Compactor (1 part destroyed, 1 dropped) 24001 | -4/Waste | Found Prototype Device 24001 | -4/Waste | Identified Exp. Weapon Cycler 24018 | -4/Waste | Identified exit to Factory 24018 | -4/Waste | Discovered exit to Factory (range 11) 24021 | -4/Waste | EMP discharged 24021 | -4/Waste | System corruption reached 10% 24022 | -4/Waste | Lost 5 parts (1p2n2u) 24029 | -4/Waste | Entered Factory 24153 | -4/Factory | Identified exit to DSF 24155 | -4/Factory | Entered DSF 24175 | -4/DSF | Additional patrols routed to DSF 24278 | -4/DSF | Build established: Hacker-Mutant 24296 | -4/DSF | Identified exit to Research 24296 | -4/DSF | Discovered exit to Research (range 14) 24311 | -4/DSF | Entered Research 24311 | -3/Research | Evolved 2 slots: Power x1, Weapon x1 24833 | -3/Research | Lost 7 parts (1p4n2w) 24852 | -3/Research | Spotted B-86 Titan 24859 | -3/Research | Core integrity fell below 50% 24883 | -3/Research | Identified exit to Armory 24883 | -3/Research | Discovered exit to Armory (range 6) 24889 | -3/Research | Found Antimissile System 24893 | -3/Research | Entered Armory 25220 | -3/Armory | Core integrity fell below 20% 25248 | -3/Armory | Spotted B-86 Titan 25250 | -3/Armory | Lost 7 parts (1p4n1u1w) 25256 | -3/Armory | Destroyed by B-86 Titan with Matter Neutralizer Last Messages --------------- Antimissile System broken. Destabilizing: Short circuit. Acquired 40 matter. Slammed into S-43 Plague. Q-thruster destroyed. Lgt. Particle Reactor destroyed. Q-thruster destroyed. Broken Antimissile System destroyed. Slammed into S-43 Plague. SHNCOC=VVX DT6:IUNEBVAAH#RTJ/TPCCM Slammed into S-43 Plague. Extraspacial Lockers disabled. Slug penetrates Wall. System corrupted: Matter fused (-8). Slug penetrates Wall. Triggered Segregator Trap. Arcs of energy rise from the floor. [Achievement: First Step to Greatness] [Achievement: 5k Club] [Achievement: 10k Club] Map ----- +----------------------------------------------------+ | ?????????????????????????????????????????????????? | | ?????????????????????????????????????????????????? | | ?????????????????????????????????????????????????? | | ?????????????????????????????????????????????????? | | ?????????????????????????????????????????????????? | | ?????????????????????????????????????????????????? | | ?????????????????????????????????????????????????? | | ?????????????????????????????????????????????????? | | ?????????????????????????????????????????????????? | | ?????????????????????????????????????????????????? | | ????????????????????????#+######?????????????????? | | ????????????????????????# ?????????????????? | | ????????????????????????# ?????????????????? | | ????????????????????????# #????????????????? | | ????????????????????????# #????????????????? | | ????????????????????????# [[! "????????????????? | | ??????????????????????### [!! ################## | | ??????????????????????# BB[! pp | | ??????????????????????# BB s############ | | ?????????????????????#### p #??????????? | | ??????????????????b??# """ s #??????????? | | ???????????????# ????# ""F #??????????? | | ??????????? ## ### "" #??????????? | | ???????????" """ #??????????? | | ???????????" """ #######??????????? | | ?????????? @ #????????????????? | | ?????????? #????????????????? | | ?????????????################ #????????????????? | | ????????????????????????????#####????????????????? | | ?????????????????????????????????????????????????? | | ?????????????????????????????????????????????????? | | | | | | | | | | | | | | | | | | | | | | | | | | | | | | | | | | | | | | | +----------------------------------------------------+ Best States ------------- Heat Dissipation 93 Energy Generation 36 Energy Capacity 515 Matter Stores 300 Matter Capacity 300 Sight Range 16 Robot Scan Range 20 Terrain Scan Range 14 Terrain Scan Density 10 ECM Strength 1 Base Temperature (-) 200 Resistance: KI 35 Resistance: TH 35 Resistance: EX 35 Resistance: EM 35 Resistance: I 35 Resistance: S 35 Resistance: P 35 Propulsion Shielding 66 Weapon Shielding 33 Point Defense Rating 240 Evasion (%) 63 Targeting Accuracy 6 Recoil Reduction 2 Offensive Hacking 20 Item Schematics ----------------- Mni. Grenade Launcher | -8/Materials | Scanalyzed Sml. Storage Unit | -8/Materials | Scanalyzed Fusion Compressor | -4/Factory | Scanalyzed Robot Schematics ------------------ None Fabricated ------------ Nothing Alien Tech Used ----------------- None Achievements -------------- 10k Club 5k Club Crack Shot Dangerous Findings Dramatic Entrance First Step to Greatness Fist Fight GoHome() Knowing Is Half The Battle Librarian Loot Pinata Made in Tau Ceti IV Maybe Next Time I'll Detach My Launcher One Hack Too Far Oops Part-time Mechanic Remodeling Risk Taker Safety First Serviceable Loadout System Compromised Tourist Troublemaker Uninvited Guest Unlikely Earthworm Challenges ------------ None Game ------ Seed TrapCoolingSink Manual? 0 Play Time 02:55:06 Cumulative 5.8 hours Start 2023.07.02 @ 21:20:25 End 2023.07.21 @ 13:19:33 Sessions 8 Manual Loads 0 Difficulty Explorer Special Mode None Game No. 1 Rogue 0 Adventurer 0 Explorer 1 Win Type - Total 0 Types 0/0/0/0/0/0/0/0/0 Lore% 9 Gallery% 5 Achievement% 9 Wizard Run 0 Options --------- ASCII 0 Keyboard 0 Movement Mouse Keybinds 0 Fullscreen 1 Font 24/Smallcaps Map View 113x50 Tactical HUD 0 Map Filters NONE Filters NONE Steam 1 RUN: 66cd0d08-fef7-4048-8aad-bf72f4153fdd